 Dungeon Crawl Stone Soup version 0.30-a0-305-g026cb31310 (webtiles) character file.

Game seed: 16040667374799942467

86 pokeman the Magician (level 4, -8/25 HPs)
             Began as a Deep Elf Hedge Wizard on Oct 21, 2022.
             Killed by divine providence
             ... invoked by an orc priest
              (12 damage)
             ... on level 2 of the Dungeon.
             The game lasted 00:02:31 (1761 turns).

pokeman the Magician (Deep Elf Hedge Wizard)        Turns: 1761, Time: 00:02:31

Health: -8/25      AC:  3    Str:  7    XL:     4   Next: 27%
Magic:  4/13       EV: 12    Int: 21    God:
Gold:   45         SH:  0    Dex: 14    Spells: 6/14 levels left

rFire   . . .      SeeInvis .    a - +0 dagger
rCold   . . .      Faith    .    (no shield)
rNeg    . . .      Spirit   .    j - +0 leather armour
rPois   .          Reflect  .    c - +0 hat
rElec   .          Harm     .    (no cloak)
rCorr   .          Rampage  .    (no gloves)
Will    .....                    (no boots)
Stlth   ++........               (no amulet)
HPRegen 0.24/turn                (no ring)
MPRegen 0.13/turn                (no ring)

@: on blink cooldown, very slightly contaminated
A: no striking features
a: no special abilities


You were on level 2 of the Dungeon.
You visited 1 branch of the dungeon, and saw 3 of its levels.

You collected 45 gold pieces.

Inventory:

Hand Weapons
 a - a +0 dagger (weapon)
Armour
 c - a +0 hat (worn)
 j - a +0 leather armour (worn)
Jewellery
 f - an amulet of faith
Scrolls
 b - a scroll of vulnerability {unknown}
 e - 2 scrolls of enchant armour {unknown}
 g - a scroll of silence {unknown}
 l - 2 scrolls of immolation {unknown}
 m - a scroll of identify {unknown}
Potions
 d - a potion of magic
 h - a potion of degeneration {unknown}
 i - a potion of attraction {unknown}
 k - a potion of flight {unknown}


   Skills:
 - Level 1.0 Fighting
 - Level 1.0 Armour
 + Level 2.6 Dodging
 + Level 2.7 Stealth
 * Level 5.6 Spellcasting
 + Level 2.2 Conjurations
 - Level 1.1 Summonings
 - Level 1.1 Translocations


You had 6 spell levels left.
You knew the following spells:

 Your Spells              Type           Power      Damage    Failure   Level
a - Magic Dart            Conj           60%        1d6       6%          1
b - Mephitic Cloud        Conj/Pois/Air  9%         N/A       32%         3
c - Call Imp              Summ           10%        N/A       14%         2
d - Blink                 Tloc           20%        N/A       14%         2

Your spell library contained the following spells:

 Spells                   Type           Power      Damage    Failure   Level
 Slow                     Hex            20%        N/A       16%         1
 Cigotuvi's Dreadful Rot  Necr/Pois/Air  10%        N/A       22%         2
 Kindle Blastsparks       Fire/Tloc/Air  14%        2d11      36%         3
 Ignite Poison            Fire/Tmut/Pois 5%         N/A       41%         3
 Freezing Cloud           Conj/Ice/Air   4%         6-21      97%         5


Dungeon Overview and Level Annotations

Branches:
Dungeon (3/15)

Altars:


Message History

Aim: an orc, wielding a +0 falchion and wearing a +0 leather armour (chance to affect: 96%)
You miscast Mephitic Cloud.
You are very lightly contaminated with residual magic.
You feel incredibly sick!
You are poisoned.
You feel sick.
The orc priest looks braver for a moment.
Unknown command.
Unknown command.
You feel sick.
The orc priest hits you with a +0 hand axe.
The orc hits you but does no damage.
You climb upwards.
You feel sick.
There is a stone staircase leading down here.
Unknown command.
Unknown command.
Casting: Mephitic Cloud (extremely dangerous; 32% risk of failure)
Confirm with . or Enter, or press ? or * to list all spells.
You blink.
You feel sick.
You are no longer poisoned.
Unknown command.
Casting: Blink (safe; 14% risk of failure)
Confirm with . or Enter, or press ? or * to list all spells.
The spell is extremely dangerous to miscast (32% risk of failure)!
Continue anyway?
Aiming: Mephitic Cloud (extremely dangerous; 32% risk of failure)
Press: ? - help, Shift-Dir - straight line, f - orc
Aim: an orc, wielding a +0 falchion and wearing a +0 leather armour (chance to affect: 96%)
You miscast Mephitic Cloud.
Sparks of electricity dance around you!
* * * LOW HITPOINT WARNING * * *
Unknown command.
Casting: Mephitic Cloud (extremely dangerous; 32% risk of failure)
Confirm with . or Enter, or press ? or * to list all spells.
A shadowy apparition takes form in the air.
Unknown command.
The orc hits you with a +0 falchion.
* * * LOW HITPOINT WARNING * * *
Your shadow imp hits the orc.
The orc priest calls down the wrath of Beogh upon you.
Beogh smites you!
You die...

..# ######.# #.....##.#
..####...##.##########.#
.........'......># #.#
######...##.####.#####.#
#...##.# #.#...#.#
#...##.####o#.#.#.#
#...##.##5o.#.#<#.#
######.##.#.#.###.#
###+##.#@#.....#
#......#.#######
#.....##.# # #.....##.#
###### #.....##.# ##...#
#.....##.# ##...#
#.....#..# ##...#
##.....#.## ##...#
#......#.#


You could see an orc priest and an orc.

Vanquished Creatures
  4 adders (D:2)
  2 dart slugs (D:1)
  A ball python (D:1)
  7 endoplasms
  3 giant cockroaches
  5 hobgoblins
  5 kobolds (D:1)
  5 quokkas
  4 bats (D:1)
  A frilled lizard (D:1)
  3 goblins
  3 rats
43 creatures vanquished.

Notes
Turn   | Place    | Note
-------+----------+-------------------------------------------
     0 | D:1      | pokeman the Deep Elf Hedge Wizard began the quest for the
                  | Orb.
     0 | D:1      | Reached XP level 1. HP: 10/10 MP: 7/7
   183 | D:1      | Reached XP level 2. HP: 16/16 MP: 6/9
   543 | D:1      | Reached skill level 5 in Spellcasting
   719 | D:1      | Reached XP level 3. HP: 20/20 MP: 8/11
   723 | D:1      | Learned a level 3 spell: Mephitic Cloud
   726 | D:1      | Learned a level 2 spell: Call Imp
   729 | D:1      | Learned a level 2 spell: Blink
  1081 | D:2      | Found a faded altar of an unknown god.
  1208 | D:2      | Reached skill level 1 in Fighting
  1208 | D:2      | Reached skill level 1 in Armour
  1446 | D:2      | Reached XP level 4. HP: 25/25 MP: 7/13
  1755 | D:3      | Noticed a scorpion
  1761 | D:2      | Killed from afar by an orc priest

Illustrated notes

Levels and vault maps discovered:
D:1:      minmay_arrival_radiant_lines, layout_rooms
D:2:      layout_basic, dreamdust_ecumenical_altar_hidden_monk_grotto
D:3:      layout_loops_corners, nicolae_overflow_ecumenical_swirl,
          ebering_ghost_sewer_f, grunt_decor_fettered

Skill      XL: |  1  2  3 |
---------------+----------+-----
Spellcasting   | 5 |  5.6
Fighting       | 1 |  1.0
Armour         | 1 |  1.0
Conjurations   | 2 |  2.2
Dodging        | |  2.6
Stealth        | |  2.7
Summonings     | |  1.1
Translocations | |  1.1

Action                   |  1- 3 |  4- 6 || total
-------------------------+-------+-------++-------
Melee: Dagger            |    16 |       ||    16
 Cast: Magic Dart        |    94 |    10 ||   104
       Blink             |       |     1 ||     1
       Call Imp          |       |     1 ||     1
Armor: Robe              |     2 |       ||     2
       Leather armour    |       |     1 ||     1
Dodge: Dodged            |    11 |     1 ||    12

Table legend: (Time is in decaauts)
 A = Elapsed time spent in this place.
 B = Non-inter-level travel time spent in this place.
 C = Inter-level travel time spent in this place.
 D = Time resting spent in this place.
 E = Time spent auto-exploring this place.
 F = Levels seen in this place.
 G = Mean time per level.
                   A        B        C        D        E       F      G
               +--------+--------+--------+--------+--------+-----+--------+
         Total |   1761 |   1711 |     50 |      0 |   1469 |   3 |  587.0 |
       Dungeon |   1761 |   1711 |     50 |      0 |   1469 |   3 |  587.0 |
               +--------+--------+--------+--------+--------+-----+--------+

Top non-repeatable levels by time:
     D:1: 988 daAuts
     D:2: 770 daAuts
     D:3: 2 daAuts
